 Dungeon Crawl Stone Soup version 0.31-a0-162-gc4c5a43528 (webtiles) character file.

Game seed: 13237334986001427845

1523 qw the Cleaver (level 8, 0/51 HPs)
             Began as a Gargoyle Fighter on June 12, 2023.
             Was an Initiate of Okawaru.
             Slain by a gnoll
             ... wielding a +0 spear
             ... led by a gnoll bouda
              (1 damage)
             ... on level 7 of the Dungeon.
             The game lasted 00:02:24 (5479 turns).

qw the Cleaver (Gargoyle Fighter)                   Turns: 5479, Time: 00:02:24

Health: 0/51       AC: 21    Str: 22    XL:     8   Next: 84%
Magic:  8/8        EV:  6    Int:  9    God:    Okawaru [......]
Gold:   294        SH:  9    Dex:  9    Spells: 7/7 levels left

rFire   . . .        Y - +1 war axe
rCold   . . .        c - +0 buckler
rNeg    + . .        m - +0 plate armour
rPois   inf          (no helmet)
rElec   +            q - +2 cloak
rCorr   .            (no gloves)
SInv    .            (no boots)
Will    .....        h - amulet of reflection Stlth
                     g - +4 ring of slaying {mikee}
HPRegen 0.28/turn    (no ring)
MPRegen 0.11/turn

%: reflection
@: no status effects
A: sickness immunity, AC +5, negative energy resistance 1, electricity
resistance, torment resistance 1, petrification resistance
a: Renounce Religion


You were on level 7 of the Dungeon.
You worshipped Okawaru.
Okawaru was noncommittal.
You visited 2 branches of the dungeon, and saw 8 of its levels.

You collected 294 gold pieces.


Innate Abilities, Weirdness & Mutations

You are immune to sickness and miasma.
Your stone body is resilient. (AC +5)
You are immune to poison.
You resist negative energy. (rN+)
You are resistant to electric shocks. (rElec)
You are resistant to unholy torment.
You are immune to petrification.


   Skills:
 - Level 6.1 Fighting
 + Level 8.0 Axes
 - Level 1.5 Throwing
 - Level 5.0 Armour
 - Level 1.1 Dodging
 - Level 3.2 Shields


You had 7 spell levels left.
You didn't know any spells.
Your spell library was empty.

Inventory:

Hand Weapons
 p - a +0 flail of protection
 Y - a +1 war axe (weapon)
Missiles
 f - 5 boomerangs (quivered)
Armour
 c - a +0 buckler (worn)
 m - a +0 plate armour (worn)
 q - a +2 cloak (worn)
Jewellery
 g - a +4 ring of slaying (left hand) {mikee}
 h - an amulet of reflection (around neck)
Wands
 b - a wand of digging (6)
Scrolls
 a - a scroll of identify
Potions
 d - a potion of might
 e - a potion of lignification
 i - a potion of mutation
 j - a potion of attraction
 k - a potion of magic
 l - a potion of heal wounds {unknown}
 o - 2 potions of haste
 s - a potion of cancellation {unknown}

Dungeon Overview and Level Annotations

Branches:
Dungeon (7/15)             Temple (1/1) D:7

Altars:
Ashenzari
Dithmenos
Elyvilon
Fedhas
Kikubaaqudgha
Makhleb
Okawaru
Qazlal
Ru
Sif Muna
Trog
Uskayaw
Vehumet
Wu Jian
Zin
The Shining One

Shops:
D:6 :

Annotations:
D:3 1 transporter, qw's ghost, amateur GrFi


Message History

You miss the killer bee.
The killer bee is moderately wounded.
You block the killer bee's attack. The gnoll hits you but does no damage.
The killer bee barely misses you.
You hit the killer bee.
The killer bee is severely wounded.
The killer bee stings you but does no damage.
The killer bee stings you! The gnoll hits you but does no damage.
You miss the killer bee.
The killer bee is severely wounded.
The killer bee stings you but does no damage.
The killer bee closely misses you. The gnoll hits you but does no damage.
You closely miss the killer bee.
The killer bee is severely wounded.
The killer bee stings you but does no damage.
The killer bee barely misses you.
A kobold comes into view. It is wielding a +0 whip.
You block the gnoll's attack.
A kobold comes into view. It is wielding a +0 whip.
The killer bee stings you.
You closely miss the killer bee.
The killer bee is severely wounded.
You block the killer bee's attack. The gnoll barely misses you.
You block the killer bee's attack.
A kobold comes into view. It is wielding a +0 club.
You barely miss the killer bee.
The killer bee is severely wounded.
The killer bee stings you but does no damage.
The gnoll hits you but does no damage. The killer bee stings you.
You slash the killer bee!
You kill the killer bee!
Okawaru accepts your kill. The gnoll hits you but does no damage.
You block the killer bee's attack.
The gnoll hits you from afar with a +0 spear.
Your Armour skill increases to level 5!
You miss the killer bee.
The killer bee stings you but does no damage.
The killer bee barely misses you.
The gnoll hits you from afar with a +0 spear.
You die... ###. #.##... .. ..... ...#.## .. .# #.##..#.## #.
K... #........# #.
K#..###..#.#...# #..
Kg..............

#.. h##.####.#.#...#
#..#
##ygg..........?..
..###@###.####........
# #.#.##
#.####.####..>
#.##.#####......# #...
#.<.............# #...
#...##.#####.###.##
##.. #.## #.# #.# #.#
#.. #.# #.# #.# #.#
#.. ..# #.# #.# #..
... ..#


You could see a kobold brigand, a hound, a killer bee, 3 gnolls and 2 kobolds.

Vanquished Creatures
  An orc warrior (D:6)
  A centaur (D:6)
  An ogre (D:7)
  A bullfrog (D:4)
  A gnoll sergeant (D:6)
  2 scorpions
  4 killer bees (D:7)
  3 jellies
  A gnoll bouda (D:7)
  5 orc priests
  3 hounds
  An iguana (D:4)
  5 sleepcaps
  Natasha (twice) (D:2)
  13 gnolls
  7 adders
  An ufetubus (D:5)
  5 dart slugs
  13 orcs
  4 ball pythons
  8 endoplasms
  2 giant cockroaches
  6 goblins
  2 hobgoblins (D:1)
  3 jackals (D:1)
  4 kobolds
  2 quokkas
  5 bats
  2 frilled lizards
  5 rats
113 creatures vanquished.

Notes
Turn   | Place    | Note
-------+----------+-------------------------------------------
     0 | D:1      | qw the Gargoyle Fighter began the quest for the Orb.
     0 | D:1      | Reached XP level 1. HP: 14/14 MP: 1/1
     0 | D:1      | 0 ||| qw: Version: 0.2-a-29-gc1b59c4
     0 | D:1      | 0 ||| qw: Game counter: 4318
     0 | D:1      | 0 ||| qw: Always use a shield: true
     0 | D:1      | 0 ||| qw: God list: Okawaru
     0 | D:1      | 0 ||| qw: Allow faded altars: false
     0 | D:1      | 0 ||| qw: Do Orc after D:15 true
     0 | D:1      | 0 ||| qw: Do second Lair branch before Depths: true
     0 | D:1      | 0 ||| qw: Lair rune preference: random
     0 | D:1      | 0 ||| qw: Plans: Normal, Zot:1-4, Slime:5, God:TSO, Crypt,
                  | Tomb, Abyss, Pan, Hells, Win
     0 | D:1      | 0 ||| PLANNING D:1-11
    37 | D:1      | Reached skill level 2 in Axes
    48 | D:1      | Reached XP level 2. HP: 14/19 MP: 2/2
   105 | D:1      | 105 ||| Stepping ~*~*~tactically~*~*~ (hiding).
   313 | D:1      | 313 ||| Stepping ~*~*~tactically~*~*~ (hiding).
   315 | D:1      | 315 ||| Stepping ~*~*~tactically~*~*~ (hiding).
   317 | D:1      | 317 ||| Stepping ~*~*~tactically~*~*~ (hiding).
   540 | D:1      | Reached skill level 3 in Axes
   564 | D:1      | Reached XP level 3. HP: 23/23 MP: 3/3
   638 | D:1      | 638 ||| UPGRADING to +4 ring of slaying {mikee}.
   639 | D:1      | 639 ||| READING scroll labelled YWKYEM JYCUUC.
   640 | D:1      | 640 ||| READING scroll labelled BEWOURI TADUE.
   641 | D:1      | 641 ||| READING scroll labelled TIJAUNU LAEM.
   642 | D:1      | 642 ||| READING scroll labelled HUBLYPT QEOQUN.
   643 | D:1      | 643 ||| READING scroll labelled FAADWEXAWN.
   697 | D:2      | Reached XP level 4. HP: 13/28 MP: 4/4
   842 | D:2      | Reached skill level 4 in Axes
  1170 | D:2      | 1170 ||| Stepping ~*~*~tactically~*~*~ (hiding).
  1483 | D:2      | Noticed Natasha
  1484 | D:2      | 1484 ||| Stepping ~*~*~tactically~*~*~ (hiding).
  1489 | D:2      | Killed Natasha
  1490 | D:2      | Reached XP level 5. HP: 32/32 MP: 5/5
  1595 | D:2      | 1595 ||| READING scroll labelled EWIVOO IDYDI.
  1596 | D:2      | 1596 ||| READING scroll labelled ABOATZ GIMUIJO.
  1597 | D:2      | 1597 ||| READING 4 scrolls of identify.
  1597 | D:2      | 1597 ||| IDENTIFYING pink potion
  1598 | D:2      | 1598 ||| READING 3 scrolls of identify.
  1598 | D:2      | 1598 ||| IDENTIFYING black potion
  1599 | D:2      | 1599 ||| DROPPING potion of degeneration.
  1600 | D:2      | 1600 ||| DROPPING potion of brilliance.
  1617 | D:2      | Noticed Natasha
  1618 | D:2      | 1618 ||| Stepping ~*~*~tactically~*~*~ (stealth).
  1621 | D:2      | 1621 ||| Stepping ~*~*~tactically~*~*~ (hiding).
  1623 | D:2      | 1623 ||| Stepping ~*~*~tactically~*~*~ (hiding).
  1633 | D:2      | Killed Natasha
  1805 | D:3      | Noticed qw's ghost (amateur GrFi)
  1805 | D:3      | Noticed an ogre
  1806 | D:3      | Found a transporter.
  1806 | D:3      | Noticed an ogre
  1872 | D:3      | Reached skill level 5 in Axes
  2144 | D:3      | Found a faded altar of an unknown god.
  2372 | D:3      | 2372 ||| UPGRADING to amulet of reflection.
  2377 | D:3      | 2377 ||| READING scroll labelled PEIPEG AMUOLA.
  2378 | D:3      | 2378 ||| READING scroll labelled YSIM BACUFITYU.
  2379 | D:3      | 2379 ||| READING scroll labelled IPPEOP UCLOPSI.
  2380 | D:3      | 2380 ||| READING 4 scrolls of identify.
  2380 | D:3      | 2380 ||| IDENTIFYING clear potion
  2381 | D:3      | 2381 ||| READING 3 scrolls of identify.
  2381 | D:3      | 2381 ||| IDENTIFYING fizzy white potion
  2382 | D:3      | 2382 ||| READING 2 scrolls of identify.
  2382 | D:3      | 2382 ||| IDENTIFYING fizzy clear potion
  2450 | D:4      | 2450 ||| Stepping ~*~*~tactically~*~*~ (hiding).
  2451 | D:4      | 2451 ||| Stepping ~*~*~tactically~*~*~ (hiding).
  2502 | D:4      | 2502 ||| Stepping ~*~*~tactically~*~*~ (stealth).
  2503 | D:4      | 2503 ||| Stepping ~*~*~tactically~*~*~ (stealth).
  2506 | D:4      | 2506 ||| Stepping ~*~*~tactically~*~*~ (stealth).
  2507 | D:4      | 2507 ||| Stepping ~*~*~tactically~*~*~ (stealth).
  2539 | D:4      | Reached XP level 6. HP: 27/39 MP: 6/6
  2592 | D:4      | Found a shimmering blue altar of Sif Muna.
  2914 | D:4      | Reached skill level 1 in Dodging
  2987 | D:4      | 2987 ||| DROPPING +0 whip.
  3263 | D:4      | 3263 ||| READING 2 scrolls of identify.
  3263 | D:4      | 3263 ||| IDENTIFYING murky blue potion
  3286 | D:5      | Entered Level 5 of the Dungeon
  3320 | D:5      | Reached XP level 7. HP: 44/44 MP: 7/7
  3340 | D:5      | 3340 ||| Stepping ~*~*~tactically~*~*~ (hiding).
  3558 | D:5      | 3558 ||| Stepping ~*~*~tactically~*~*~ (stealth).
  3579 | D:5      | Reached skill level 6 in Axes
  4164 | D:5      | 4164 ||| UPGRADING to +0 cloak.
  4169 | D:5      | 4169 ||| READING scroll labelled VEXUZX WUSEKI.
  4170 | D:5      | 4170 ||| READING 2 scrolls labelled ZUSTRO GUOWNUVO.
  4216 | D:6      | 4216 ||| Stepping ~*~*~tactically~*~*~ (hiding).
  4217 | D:6      | 4217 ||| Stepping ~*~*~tactically~*~*~ (hiding).
  4219 | D:6      | 4219 ||| Stepping ~*~*~tactically~*~*~ (hiding).
  4220 | D:6      | 4220 ||| Stepping ~*~*~tactically~*~*~ (hiding).
  4225 | D:6      | Reached skill level 7 in Axes
  4338 | D:6      | 4338 ||| Stepping ~*~*~tactically~*~*~ (stealth).
  4348 | D:6      | 4348 ||| Stepping ~*~*~tactically~*~*~ (stealth).
  4350 | D:6      | 4350 ||| Stepping ~*~*~tactically~*~*~ (stealth).
  4353 | D:6      | 4353 ||| Stepping ~*~*~tactically~*~*~ (stealth).
  4359 | D:6      | Reached skill level 1 in Throwing
  4373 | D:6      | Reached XP level 8. HP: 49/49 MP: 8/8
  4416 | D:6      | 4416 ||| Stepping ~*~*~tactically~*~*~ (hiding).
  4434 | D:6      | 4434 ||| Stepping ~*~*~tactically~*~*~ (hiding).
  4439 | D:6      | HP: 3/49 [gnoll/+0 flail[a gnoll sergeant] (10)]
  4440 | D:6      | 4440 ||| READING scroll of teleportation.
  4465 | D:6      | 4465 ||| FLEEEEING.
  4617 | D:6      | 4617 ||| DROPPING +0 flail.
  4623 | D:6      | 4623 ||| Stepping ~*~*~tactically~*~*~ (hiding).
  4693 | D:6      | 4693 ||| Stepping ~*~*~tactically~*~*~ (hiding).
  4723 | D:6      | Reached skill level 8 in Axes
  4934 | D:6      | Found Waroda's Book Boutique.
  5145 | D:6      | 5145 ||| UPGRADING to +0 plate armour.
  5155 | D:6      | 5155 ||| DROPPING +0 scale mail.
  5156 | D:6      | 5156 ||| DROPPING +0 chain mail.
  5157 | D:6      | 5157 ||| READING scroll labelled LAPNUG PAYNA.
  5158 | D:6      | 5158 ||| DRINKING 3 emerald potions.
  5262 | D:7      | 5262 ||| READING scroll of enchant armour.
  5262 | D:7      | 5262 ||| ENCHANTING +0 cloak.
  5283 | D:7      | Found a staircase to the Ecumenical Temple.
  5284 | D:7      | 5284 ||| PLANNING TEMPLE
  5284 | D:7      | 5284 ||| Stepping ~*~*~tactically~*~*~ (hiding).
  5285 | D:7      | 5285 ||| Stepping ~*~*~tactically~*~*~ (hiding).
  5317 | Temple   | Entered the Ecumenical Temple
  5335 | Temple   | 5335 ||| PLANNING OKAWARU WORSHIP
  5370 | Temple   | Became a worshipper of Warmaster Okawaru
  5370 | Temple   | 5370 ||| PLANNING D:1-11
  5406 | D:7      | 5406 ||| READING scroll of enchant armour.
  5406 | D:7      | 5406 ||| ENCHANTING +1 cloak.
  5453 | D:7      | Reached skill level 6 in Fighting
  5473 | D:7      | HP: 9/51 [killer bee (7)]
  5477 | D:7      | HP: 3/51 [killer bee (4)]
  5478 | D:7      | HP: 1/51 [gnoll/+0 spear[a gnoll bouda] (2)]
  5479 | D:7      | Slain by a gnoll

Levels and vault maps discovered:
D:1:      dpeg_arrival_rooms_with_view, layout_rooms
D:2:      layout_basic, uniq_natasha
D:3:      layout_basic, hellmonk_ecumenical_altar_zigzags,
          gammafunk_ghost_smash, minmay_tree_intersection
D:4:      layout_basic, mainiacjoe_overflow_cross_hatched
D:5:      layout_basic
D:6:      layout_rooms, serial_shops, shop, hellmonk_no_cap
D:7:      layout_loops_ring, lemuel_mausoleum_altar_yredelemnul,
          minmay_temple_entry_proselytizer, hex_medium
Temple:   eino_wide_crystal_templ

Skill      XL: |  1  2  3  4  5  6  7  8 |
---------------+-------------------------+-----
Axes           | 2 3 4 5 7 8 |  8.0
Fighting       | 4 5 6 |  6.1
Dodging        | 1 |  1.1
Throwing       | 1 |  1.5
Armour         | 5 |  5.0
Shields        | |  3.2

Action                     |  1- 3 |  4- 6 |  7- 9 || total
---------------------------+-------+-------+-------++-------
  Melee: War axe           |    61 |   103 |   129 ||   293
  Throw: Boomerang         |       |       |    31 ||    31
    Use: Scroll            |     5 |    11 |     6 ||    22
         Potion            |       |       |     1 ||     1
 Armour: Scale mail        |    30 |    43 |    31 ||   104
         Plate armour      |       |       |    43 ||    43
  Dodge: Dodged            |    23 |    37 |    49 ||   109
  Block: Buckler           |    17 |    20 |    73 ||   110
         Reflection        |       |       |     3 ||     3

Table legend:
 A = Non-vault XP
 B = Vault XP
 C = Vault XP percentage of total XP
 D = Non-vault monster count
 E = Vault monster count
 F = Vault count percentage of total count
                 A         B        C        D         E       F
            +---------+---------+-------+---------+---------+-------
      Total |    1975 |     201 |   9.2 |     105 |       8 |   7.1
            +---------+---------+-------+---------+---------+-------
        D:1 |      32 |       4 |  11.1 |      18 |       2 |  10.0
        D:2 |     150 |      35 |  18.9 |      24 |       1 |   4.0
        D:3 |      23 |       0 |   0.0 |       6 |       0 |   0.0
        D:4 |     322 |       0 |   0.0 |      15 |       0 |   0.0
        D:5 |     267 |       0 |   0.0 |      11 |       0 |   0.0
        D:6 |     783 |     121 |  13.4 |      25 |       4 |  13.8
        D:7 |     398 |      41 |   9.3 |       6 |       1 |  14.3
            +---------+---------+-------+---------+---------+-------
